 Dungeon Crawl Stone Soup version 0.26-a0-846-gcc8f1ee719 (webtiles) character file.

Game seed: 2780754897788954233

5607 mhtbhm the Cleaver (level 10, 0/88 HPs)
             Began as a Grey Draconian Berserker on Nov 19, 2020.
             Was a High Priest of Trog.
             Slain by an orc warrior
             ... wielding a +0 war axe
             ... led by an orc high priest
              (14 damage)
             ... on level 1 of the Orcish Mines.
             The game lasted 00:13:13 (11937 turns).

mhtbhm the Cleaver (Grey Draconian Berserker)      Turns: 11937, Time: 00:13:13

Health: 0/88       AC: 12    Str: 22    XL:     10   Next: 45%
Magic:  10/10      EV: 15    Int:  9    God:    Trog [*****.]
Gold:   916        SH:  5    Dex: 10    Spells: 9/9 levels left

rFire    . . .     SeeInvis .   A - +3 battleaxe (flame)
rCold    . . .     Faith    .   (shield currently unavailable)
rNeg     . . .     Spirit   .   (armour unavailable)
rPois    .         Reflect  +   (helmet restricted)
rElec    .         Harm     .   u - scarf {+Inv}
rCorr    .         Rampage  .   (no gloves)
MR       .....                  (no boots)
Stlth    ++........             v - amulet of reflection
HPRegen  0.24/turn              (no ring)
MPRegen  0.12/turn              (no ring)

@: about to teleport, berserk cooldown, slowed, very slow
A: walk through water, unfitting armour, unbreathing, cold-blooded, AC +12
a: Berserk, Trog's Hand, Brothers in Arms, Renounce Religion, Evoke Invisibility


You were on level 1 of the Orcish Mines.
You worshipped Trog.
Trog was extremely pleased with you.
You visited 2 branches of the dungeon, and saw 10 of its levels.

You collected 916 gold pieces.

Inventory:

Hand Weapons
 a - a +2 hand axe of flaming
 x - a +1 war axe of flaming
 A - a +3 battleaxe of flaming (weapon)
Armour
 u - a scarf of invisibility (worn)
Jewellery
 c - an uncursed ring of fire
 v - an amulet of reflection (around neck)
 y - an uncursed ring of ice
Wands
 i - a wand of digging (6)
 p - a wand of polymorph (20)
 q - a wand of iceblast (2)
 w - a wand of paralysis (7)
 z - a wand of acid (10)
Scrolls
 d - 2 scrolls of identify
 g - 3 scrolls of teleportation
 j - 2 scrolls of enchant armour
 k - 4 scrolls of remove curse
 l - a scroll of enchant weapon
 n - 6 scrolls of noise {unknown}
 o - 2 scrolls of random uselessness {unknown}
 s - 6 scrolls of amnesia {unknown}
 t - a scroll of magic mapping {unknown}
Potions
 b - 2 potions of attraction
 e - a potion of heal wounds
 f - 2 potions of mutation
 h - 7 potions of curing
 m - a potion of berserk rage {unknown}
 r - a potion of haste


   Skills:
 + Level 8.0 Fighting
 + Level 11.0 Axes
 + Level 7.2 Dodging
 + Level 4.2 Stealth
 + Level 3.4 Shields
 + Level 1.1 Evocations


You had 9 spell levels left.
You didn't know any spells.
Your spell library contained the following spells:

 Spells                   Type           Power        Failure   Level
 Animate Skeleton         Necr           #.....       38%         1
 Apportation              Tloc           #.....       38%         1
 Corona                   Hex            #......      38%         1
 Summon Small Mammal      Summ           #...         38%         1
 Bolt of Magma            Conj/Fire/Erth #.........   100%        5
 Iskenderun's Battlesphe  Conj           #.......     100%        5
 Iron Shot                Conj/Erth      #.........   100%        6
 Orb of Destruction       Conj           #.........   100%        7
 Spellforged Servitor     Conj/Summ      #.........   100%        7


Dungeon Overview and Level Annotations

Branches:
Dungeon (9/15)             Temple (0/1) D:4             Orc (1/2) D:9
   Lair: D:8-11

Altars:
Dithmenos
Elyvilon
Fedhas
Kikubaaqudgha
Makhleb
Qazlal
Trog

Shops:
D:8 *

Annotations:
D:8 good amulet 800 and change


Innate Abilities, Weirdness & Mutations

You can walk through water.
Your dull iron-grey scales are very hard. (AC +12)
You cannot fit into any form of body armour.
You can survive without breathing.
You are cold-blooded and may be slowed by cold attacks.


Message History

The orc warrior shouts!
An orc comes into view. It is wielding a +0 club.
The orc shouts!
You hear a shout!
You hear a howl!
An orc wizard comes into view. It is wielding a +0 dagger.
An orc warrior comes into view.
It is wielding a +1 war axe of freezing.
The orc wizard gestures at you while chanting.
The magic dart hits you but does no damage.
An orc high priest comes into view. It is wielding a +0 mace.
The orc high priest utters an invocation to Beogh.
A warg comes into view.
The orc wizard barely misses you.
A cyclops comes into view.
The orc warrior hits you with a +0 war axe!
* * * LOW HITPOINT WARNING * * *
Found 12 gold pieces.
As you read the scroll of teleportation, it crumbles to dust.
You feel strangely unstable. You block the orc wizard's attack.
The orc wizard hits you but does no damage.
The orc warrior hits you with a +0 war axe!
You die...

...............#
##....#............$
#.....#.........#..##
..#.#...............#
..###...#......##...
...##...###.####...
.....#.## ###....#
.## ##...#
#.....#..... . ..##
#..@......# ....#
#.ooo....## ....#
.....4...### .....
......o##..# ......
.....o. ...# #.....
C...#ho #.## .......
## .......


You could see an orc high priest, a cyclops, a hellwing (summoned), a warg, 2
orc warriors, 2 orc wizards and an orc.

Vanquished Creatures
  Maggie (D:6)
  Grum (D:8)
  2 wargs (Orc:1)
  A two-headed ogre zombie (D:9)
  10 orc warriors
  2 phantoms (D:9)
  3 ogres
  4 wolves (D:8)
  4 centaurs
  2 bullfrogs (D:6)
  A scorpion (D:5)
  A water moccasin skeleton (D:7)
  A troll zombie (D:9)
  5 killer bees (D:8)
  4 wights (D:6)
  A centaur zombie (D:8)
  2 hounds
  2 bullfrog skeletons (D:7)
  A centaur skeleton (D:7)
  A gnoll shaman (D:5)
  13 orc priests
  Terence (D:2)
  5 iguanas
  15 orc wizards
  4 worker ants
  6 ogre zombies (D:9)
  A hound skeleton (D:4)
  2 hound zombies
  Robin (D:3)
  7 adders
  49 gnolls
  A howler monkey skeleton (D:6)
  2 white imps
  An ufetubus (D:6)
  An ooze (D:4)
  An adder skeleton (D:4)
  2 dart slugs
  6 leopard geckos
  42 orcs
  A ball python (D:3)
  7 bats
  8 giant cockroaches
  20 goblins
  12 hobgoblins
  24 jackals
  3 quokkas
  A frilled lizard (D:2)
  5 goblin skeletons (D:9)
  A goblin zombie (D:9)
  2 hobgoblin skeletons (D:9)
  5 hobgoblin zombies (D:9)
  6 kobolds
  An orc skeleton (D:9)
  11 orc zombies (D:9)
  3 rats
319 creatures vanquished.

Vanquished Creatures (others)
  15 plants
15 creatures vanquished.

Grand Total: 334 creatures vanquished

Notes
Turn   | Place    | Note
-------+----------+-------------------------------------------
     0 | D:1      | mhtbhm the Draconian Berserker began the quest for the Orb.
     0 | D:1      | Reached XP level 1. HP: 19/19 MP: 1/1
   192 | D:1      | Reached XP level 2. HP: 25/26 MP: 2/2
   669 | D:2      | Reached XP level 3. HP: 29/33 MP: 3/3
   929 | D:2      | Reached ** piety under Trog
  1198 | D:2      | Reached XP level 4. HP: 38/41 MP: 4/4
  1402 | D:2      | Noticed Terence
  1419 | D:2      | Killed Terence
  1420 | D:2      | Reached skill level 4 in Axes
  1825 | D:2      | Found a shadowy altar of Dithmenos.
  2097 | D:3      | Noticed Robin
  2112 | D:3      | Reached XP level 5. HP: 47/47 MP: 5/5
  2116 | D:3      | Killed Robin
  2493 | D:4      | Noticed a centaur
  2504 | D:4      | Killed a centaur
  2700 | D:4      | Reached *** piety under Trog
  2711 | D:4      | Reached skill level 5 in Fighting
  2711 | D:4      | Reached XP level 6. HP: 49/56 MP: 6/6
  2797 | D:4      | Found a stormy altar of Qazlal.
  2856 | D:4      | Reached skill level 5 in Axes
  3411 | D:4      | Found a staircase to the Ecumenical Temple.
  3533 | D:5      | Entered Level 5 of the Dungeon
  4199 | D:5      | Found a shadowy altar of Dithmenos.
  4201 | D:5      | Found a burning altar of Makhleb.
  4632 | D:5      | Your scales start taking on a dull iron-grey colour.
  4632 | D:5      | Reached XP level 7. HP: 57/61 MP: 7/7
  4632 | D:5      | Gained mutation: You can survive without breathing. [Grey
                  | Draconian growth]
  5171 | D:5      | Reached **** piety under Trog
  5172 | D:5      | Reached skill level 6 in Axes
  5742 | D:5      | Reached skill level 1 in Stealth
  5975 | D:5      | Reached skill level 5 in Dodging
  6232 | D:5      | Reached XP level 8. HP: 70/70 MP: 6/8
  6617 | D:6      | Reached skill level 7 in Axes
  6849 | D:6      | Reached ***** piety under Trog
  6948 | D:6      | Noticed Maggie
  6956 | D:6      | Paralysed by Maggie for 5 turns
  6968 | D:6      | Killed Maggie
  6969 | D:6      | Reached skill level 1 in Shields
  7159 | D:6      | Reached skill level 8 in Axes
  7644 | D:6      | Reached XP level 9. HP: 78/78 MP: 9/9
  7911 | D:6      | Found a white marble altar of Elyvilon.
  7911 | D:6      | Found a bloodstained altar of Trog.
  8463 | D:7      | Reached skill level 9 in Axes
  8952 | D:7      | Found an ancient bone altar of Kikubaaqudgha.
  9108 | D:8      | Found Pese's General Store.
  9144 | D:8      | Found a blossoming altar of Fedhas.
  9333 | D:8      | Noticed Grum
  9351 | D:8      | Killed Grum
  9357 | D:8      | Reached skill level 10 in Axes
 10315 | D:9      | Found a staircase to the Orcish Mines.
 10338 | D:9      | Received a gift from Trog
 10339 | D:9      | Reached skill level 1 in Evocations
 10348 | D:9      | Reached XP level 10. HP: 86/86 MP: 8/10
 10687 | Orc:1    | Entered Level 1 of the Orcish Mines
 11932 | Orc:1    | Reached skill level 11 in Axes
 11936 | Orc:1    | Noticed a cyclops
 11937 | Orc:1    | Noticed an orc high priest
 11937 | Orc:1    | Slain by an orc warrior

Illustrated notes

Levels and vault maps discovered:
D:1:      dpeg_arrival_pits, layout_basic
D:2:      kennysheep_the_goblin_king, layout_basic, grunt_dithmenos_smoke,
          uniq_terence
D:3:      layout_rooms, uniq_robin
D:4:      layout_basic, grunt_qazlal_clouds, minmay_temple_entry_glassed_door
D:5:      lemuel_castle_with_subvaults [lemuel_castle_interior_original],
          layout_gridville, chequers_temple_overflow_statue_of_worship,
          hangedman_decor_opposing, serial_bayou_ford_a,
          kennysheep_generic_room_9
D:6:      layout_basic, amethyst_overflow_temple_binary,
          corexii_item_surrounded_by_moat, uniq_maggie
D:7:      layout_basic, nicolae_overflow_crystal_walls
D:8:      layout_basic, serial_shops, kennysheep_little_box,
          serial_bayou_pond_c, grunt_decor_mini_mirrors,
          minmay_misc_feat_rugged, columned_hall_lemuel, zaba_anthole,
          fedhas_altar_4, uniq_grum
D:9:      layout_loops_cross, slow_altar_2, zombieorc2_lemuel
Orc:1:    layout_diamond_mine, serial_shops, shop, nicolae_orc_tapped_out,
          uniq_urug

Skill      XL: |  1  2  3  4  5  6  7  8  9 10 |
---------------+-------------------------------+-----
Fighting       | 4 5 6 7 8 |  8.0
Dodging        | 3 4 5 6 7 |  7.2
Axes           | 4 5 6 8 10 11 | 11.0
Stealth        | 1 2 3 4 |  4.2
Shields        | 2 3 |  3.4
Evocations     | 1 |  1.1

Action                   |  1- 3 |  4- 6 |  7- 9 | 10-12 || total
-------------------------+-------+-------+-------+-------++-------
Melee: Hand axe          |    83 |   240 |   409 |    48 ||   780
       Tailslap          |     8 |    39 |    71 |    11 ||   129
       War axe           |       |       |    41 |       ||    41
       Battleaxe         |       |       |       |    59 ||    59
Invok: Berserk           |       |     6 |    12 |     5 ||    23
 Abil: Evoke Invisibilit |       |       |     2 |       ||     2
Evoke: Wand              |       |       |       |     2 ||     2
  Use: Scroll            |       |     4 |     3 |     2 ||     9
       Potion            |       |     2 |       |     1 ||     3
 Stab: Invisible         |       |       |     8 |     1 ||     9
       Distracted        |       |       |     1 |       ||     1
       Held in net/web   |       |       |     1 |       ||     1
       Sleeping          |       |       |     6 |     2 ||     8
Armor: Skin              |    34 |    72 |   130 |    22 ||   258
Dodge: Dodged            |    54 |   176 |   282 |    68 ||   580
Block: Other             |       |       |    64 |    31 ||    95
       Reflection        |       |       |       |     1 ||     1

Table legend: (Time is in decaauts)
 A = Elapsed time spent in this place.
 B = Non-inter-level travel time spent in this place.
 C = Inter-level travel time spent in this place.
 D = Time resting spent in this place.
 E = Time spent auto-exploring this place.
 F = Levels seen in this place.
 G = Mean time per level.
                   A        B        C        D        E       F      G
               +--------+--------+--------+--------+--------+-----+--------+
         Total |  12101 |  11946 |    155 |   4524 |   5154 |  10 | 1210.1 |
       Dungeon |  11043 |  10888 |    155 |   3814 |   5032 |   9 | 1227.0 |
  Orcish Mines |   1057 |   1057 |      0 |    710 |    122 |   1 | 1057.0 |
               +--------+--------+--------+--------+--------+-----+--------+

Top non-repeatable levels by time:
     D:5: 2300 daAuts
     D:4: 1898 daAuts
     D:6: 1828 daAuts
     D:2: 1384 daAuts
     D:8: 1243 daAuts
   Orc:1: 1057 daAuts
     D:9: 660 daAuts
     D:3: 637 daAuts
     D:7: 598 daAuts
     D:1: 492 daAuts
